 Dungeon Crawl Stone Soup version 0.17-a0-1093-g0b3cd89 (webtiles) character file.

1097 Hanyuu the Insei (level 8, -17/52 HPs)
             Began as an Octopode Transmuter on May 20, 2015.
             Demolished by an ogre
             ... wielding a +0 giant club
              (26 damage)
             ... on level 5 of the Dungeon.
             The game lasted 00:18:59 (4274 turns).

Hanyuu the Insei (Octopode Transmuter)              Turns: 4274, Time: 00:18:59

Health: -17/52     AC:  2    Str: 10    XL:     8   Next: 31%
Magic:  9/11       EV: 21    Int: 17    God:
Gold:   206        SH:  0    Dex: 17    Spells: 4 memorised, 1 level left

rFire  . . .     SeeInvis .       - Unarmed
rCold  . . .     Clarity  .     (shield currently unavailable)
rNeg   . . .     SustAb   .     (helmet currently unavailable)
rPois  x         Gourm    .     n - amulet of regeneration
rElec  .         Spirit   .     B - ring of flight
rCorr  .         Warding  .     (no ring)
rMut   .         Stasis   .     (no ring)
MR     .....                    (no ring)
Stlth  ++........               (no ring)
                                (no ring)
                                (no ring)
                                (no ring)

@: spider-form (expiring), not resistant to hostile enchantments, unstealthy
A: almost no armour, amphibious, 8 rings, (constrict 8), (camouflage 0),
(gelatinous body 0)
a: End Transformation, Evoke Flight


You were on level 5 of the Dungeon.
You were not hungry.
You were a venomous arachnid creature.
You visited 2 branches of the dungeon, and saw 6 of its levels.

You collected 206 gold pieces.

Inventory:

Missiles
 a - 53 arrows
 l - 2 curare-tipped needles
 p - 14 poisoned needles
 y - 15 sling bullets
Jewellery
 n - an amulet of regeneration (around neck)
 w - an uncursed amulet of faith
 B - a ring of flight (left front leg)
Scrolls
 d - 2 scrolls of teleportation
 e - a scroll of amnesia {unknown}
 f - 5 scrolls of remove curse
 g - 2 scrolls of identify
 h - a scroll of fear {unknown}
 i - a scroll of noise {unknown}
 r - a scroll of recharging {unknown}
 u - a scroll of fog {unknown}
 v - a scroll of enchant armour {unknown}
 x - a scroll of blinking {unknown}
Potions
 j - a potion of heal wounds {unknown}
 k - 3 potions of brilliance {unknown}
 m - a potion of cancellation {unknown}
 o - a potion of ambrosia {unknown}
 q - 2 potions of flight
 z - a potion of berserk rage {unknown}
 A - a potion of resistance {unknown}
Books
 b - a book of Changes

   Spells                             Type                      Level
   a - Beastly Appendage              Transmutation                1
   b - Sticks to Snakes               Transmutation                2
   c - Spider Form                    Transmutation/Poison         3
   d - Ice Form                       Ice/Transmutation            4
   e - Blade Hands                    Transmutation                5
Comestibles
 c - 4 bread rations
 s - a slice of pizza
 t - 5 chunks of flesh
 C - a meat ration


   Skills:
 - Level 3.1 Fighting
 + Level 3.5 Dodging
 * Level 7.9 Unarmed Combat
 - Level 2.0 Spellcasting
 + Level 4.7 Transmutations


You had one spell level left.
You knew the following spells:

 Your Spells              Type           Power        Failure   Level  Hunger
a - Beastly Appendage     Trmt           ###...       10%         1    #......
b - Sticks to Snakes      Trmt           ###.......   14%         2    ###....
c - Spider Form           Trmt/Pois      #.........   45%         3    ###....
d - Ice Form              Ice/Trmt       #.......     93%         4    #####..


Dungeon Overview and Level Annotations

Branches:
Dungeon (5/15)             Temple (1/1) D:4

Altars:
Ashenzari
Dithmenos
Elyvilon
Fedhas
Nemelex Xobeh
Okawaru
Ru
Sif Muna
Trog
Vehumet
Xom
Yredelemnul
The Shining One

Annotations:
D:3 Grinder


Innate Abilities, Weirdness & Mutations

You cannot wear most types of armour.
You are amphibious.
You can wear up to eight rings at the same time.
((You can use your tentacles to constrict eight enemies at once.))
((Your skin changes colour to match your surroundings (Stealth).))
((Your rubbery body absorbs attacks (AC +1).))


Message History

Found 19 arrows.
Casting: Spider Form
Confirm with . or Enter, or press ? or * to list all spells.
Okay, then.
Found a stone staircase leading down.
Casting: Spider Form
Confirm with . or Enter, or press ? or * to list all spells.
You turn into a venomous arachnid creature.
The ogre shouts!
Found a robe.
You completely miss the ogre. The ogre hits you with a giant club!!
The ogre hits you with a giant club!!
Ouch! That really hurt!
* * * LOW HITPOINT WARNING * * *
Your transformation is almost over.
You hit the ogre.
The ogre is poisoned.
The ogre is lightly wounded.
The ogre hits you with a giant club!!
Ouch! That really hurt!
You die...

................. +....>...#
...######.###### #........# ...#
#.# #........# ...# #.#
.....(..## ...# #.# ......≈####
#########.#############≈≈≈≈....[
# #...[................≈≈_≈≈# #
#.#####)#############≈≈≈≈.# #)#
#.sO......≈≈..# #. #.#
#.###............ #. #.# #.#
#.......##### #.###.#####.#
#.......#
#.........#.###.......#
#.........#...........#
#.........#..#........#
#.........#....#.######
###.............##.#


You could see an ogre.

Vanquished Creatures
  The ghost of HEYYEYAAE the Ducker, an average OpFi of Okawaru (D:4)
  A sky beast (D:4)
  2 phantoms (D:4)
  2 ogres
  A giant frog (D:5)
  A water moccasin skeleton (D:4)
  3 orc priests
  Ijyb (D:2)
  2 hounds
  An orc wizard (D:4)
  A worker ant (D:4)
  Robin (D:3)
  9 adders
  An ooze (D:1)
  An adder skeleton (D:4)
  2 worms
  9 orcs
  11 bats
  2 giant cockroaches
  11 hobgoblins
  4 jackals (D:2)
  6 quokkas
  2 ball pythons
  3 giant geckos
  6 giant newts
  15 goblins
  10 kobolds
  7 rats
  2 toadstools (D:1)
118 creatures vanquished.

Vanquished Creatures (collateral kills)
  A worker ant (D:4)
1 creature vanquished.

Vanquished Creatures (others)
  3 toadstools (D:1)
3 creatures vanquished.

Grand Total: 122 creatures vanquished

Notes
Turn   | Place    | Note
--------------------------------------------------------------
     0 | D:1      | Hanyuu the Octopode Transmuter began the quest for the Orb.
     0 | D:1      | Reached XP level 1. HP: 13/13 MP: 3/3
   588 | D:1      | Reached XP level 2. HP: 18/18 MP: 5/5
  1173 | D:2      | Reached XP level 3. HP: 18/24 MP: 6/6
  1177 | D:2      | Learned a level 2 spell: Sticks to Snakes
  1181 | D:2      | Learned a level 3 spell: Spider Form
  1267 | D:2      | Reached skill level 4 in Unarmed Combat
  1306 | D:2      | Reached XP level 4. HP: 29/29 MP: 5/7
  1396 | D:2      | Noticed Ijyb
  1407 | D:2      | Killed Ijyb
  1863 | D:2      | Reached XP level 5. HP: 32/34 MP: 6/8
  1898 | D:3      | Noticed an ogre
  1898 | D:3      | Reached skill level 5 in Unarmed Combat
  1963 | D:3      | Killed an ogre
  2056 | D:3      | Reached XP level 6. HP: 36/39 MP: 7/9
  2195 | D:3      | Noticed Robin
  2202 | D:3      | Killed Robin
  2301 | D:3      | Noticed Grinder
  2614 | D:4      | Reached skill level 6 in Unarmed Combat
  2813 | D:4      | Reached XP level 7. HP: 33/45 MP: 5/10
  3028 | D:4      | Noticed HEYYEYAAE's ghost (average OpFi)
  3132 | D:4      | Killed HEYYEYAAE's ghost
  3132 | D:4      | Reached skill level 7 in Unarmed Combat
  3559 | D:4      | Reached XP level 8. HP: 48/52 MP: 11/11
  3691 | D:4      | Found a staircase to the Ecumenical Temple.
  3700 | Temple   | Entered the Ecumenical Temple
  4122 | D:5      | Entered Level 5 of the Dungeon
  4244 | D:5      | Found a blossoming altar of Fedhas.
  4250 | D:5      | Learned a level 4 spell: Ice Form
  4274 | D:5      | Demolished by an ogre

Vault maps used:
D:1:      ldierk_walled_garden
D:2:      uniq_iyjb
D:3:      first_bread, uniq_grinder, uniq_robin
D:4:      temple_hall
D:5:      fedhas_altar_2
Temple:   triangle_lava_temple_12

Action                   |  1- 3 |  4- 6 |  7- 9 || total
-------------------------+-------+-------+-------++-------
Melee: Unarmed           |    63 |   142 |   114 ||   319
 Cast: Beastly Appendage |     6 |     9 |       ||    15
       Spider Form       |       |     7 |     8 ||    15
       Sticks to Snakes  |       |       |     1 ||     1
  Use: Scroll            |       |       |     3 ||     3
 Stab: Sleeping          |     5 |     7 |     1 ||    13
  Eat: Chunk             |     1 |     8 |     4 ||    13
       Meat ration       |       |       |     1 ||     1
